 Dungeon Crawl Stone Soup version 0.29-a0-271-gd4eb659eea (webtiles) character file.

Game seed: 11241640615577686812

3668 pokeman the Thaumaturge (level 9, -2/50 HPs)
             Began as a Deep Elf Hedge Wizard on Mar 8, 2022.
             Was a Believer of Vehumet.
             Slain by a large slime creature (13 damage)
             ... on level 9 of the Dungeon.
             The game lasted 00:16:13 (8470 turns).

pokeman the Thaumaturge (Deep Elf Hedge Wizard)     Turns: 8470, Time: 00:16:13

Health: -2/50      AC: 10    Str:  7    XL:     9   Next: 89%
Magic:  18/27      EV: 12    Int: 24    God:    Vehumet [**....]
Gold:   465        SH:  0    Dex: 14    Spells: 20/32 levels left

rFire   . . .      SeeInvis .   r - +4 quarterstaff (chaos)
rCold   . . .      Faith    .   (shield currently unavailable)
rNeg    . . .      Spirit   .   F - +3 leather armour
rPois   .          Reflect  .   y - +2 hat
rElec   .          Harm     .   s - +0 cloak
rCorr   .          Rampage  .   (no gloves)
Will    .....                   q - +0 pair of boots
Stlth   ++........              n - amulet of regeneration
HPRegen 0.96/turn               (no ring)
MPRegen 0.20/turn               (no ring)

@: no status effects
A: no striking features
a: Renounce Religion


You were on level 9 of the Dungeon.
You worshipped Vehumet.
Vehumet was pleased with you.
You visited 2 branches of the dungeon, and saw 10 of its levels.

You collected 465 gold pieces.

Inventory:

Hand Weapons
 r - a +4 quarterstaff of chaos (weapon)
 J - a +0 shortbow
Missiles
 x - 3 curare-tipped darts
Armour
 q - a +0 pair of boots (worn)
 s - a +0 cloak (worn)
 y - a +2 hat (worn)
 F - a +3 leather armour (worn)
Jewellery
 n - an amulet of regeneration (around neck)
 o - a ring of ice
Wands
 l - a wand of paralysis (7)
 t - a wand of polymorph (2)
 A - a wand of iceblast (8)
Scrolls
 c - 3 scrolls of magic mapping {unknown}
 e - 11 scrolls of teleportation {unknown}
 f - 2 scrolls of summoning {unknown}
 g - a scroll of blinking {unknown}
 h - a scroll of fog {unknown}
 m - 9 scrolls of identify {unknown}
 p - 2 scrolls of fear {unknown}
 u - a scroll of holy word {unknown}
 z - a scroll of brand weapon {unknown}
 E - 2 scrolls of enchant weapon {unknown}
 H - a scroll of vulnerability {unknown}
 I - a scroll of noise {unknown}
Potions
 a - a potion of degeneration {unknown}
 b - 3 potions of brilliance {unknown}
 d - a potion of magic
 i - a potion of attraction {unknown}
 j - 3 potions of curing {unknown}
 k - a potion of cancellation {unknown}
 v - 3 potions of resistance {unknown}
 w - a potion of flight {unknown}
 B - a potion of mutation {unknown}
 C - 2 potions of heal wounds {unknown}
 D - a potion of might {unknown}
 G - a potion of haste {unknown}
 K - a potion of ambrosia {unknown}


   Skills:
 + Level 3.1 Fighting
 - Level 3.0 Armour
 - Level 3.0 Dodging
 - Level 4.3 Stealth
 * Level 12.4 Spellcasting
 + Level 6.9 Conjurations
 - Level 1.1 Summonings
 - Level 1.1 Translocations
 + Level 5.2 Fire Magic
 - Level 3.1 Air Magic
 - Level 1.0 Poison Magic
 - Level 1.0 Evocations


You had 20 spell levels left.
You knew the following spells:

 Your Spells              Type           Power      Damage    Failure   Level
a - Magic Dart            Conj           100%       1d8       1%          1
b - Mephitic Cloud        Conj/Pois/Air  32%        N/A       4%          3
c - Call Imp              Summ           20%        N/A       6%          2
d - Blink                 Tloc           40%        N/A       6%          2
e - Conjure Flame         Conj/Fire      44%        6-21      1%          3
f - Shock                 Conj/Air       100%       1d9       1%          1

Your spell library contained the following spells:

 Spells                   Type           Power      Damage    Failure   Level
 Static Discharge         Conj/Air       39%        N/A       1%          2
 Beastly Appendage        Tmut           28%        N/A       6%          1
 Pain                     Necr           56%        1d6       6%          1
 Slow                     Hex            56%        N/A       6%          1
 Wereblood                Tmut           14%        N/A       9%          2
 Spider Form              Tmut/Pois      17%        N/A       14%         3
 Agony                    Necr           14%        N/A       86%         5
 Excruciating Wounds      Necr           7%         N/A       86%         5


Dungeon Overview and Level Annotations

Branches:
Dungeon (8/15)             Temple (1/1) D:5            Lair (0/6) D:8
    Orc (0/2) D:9

Altars:
Ashenzari
Okawaru
Qazlal
Vehumet
Yredelemnul

Shops:
D:2 (


Message History

The slime creature quivers.
The fire ignites!
Casting: Conjure Flame (safe; 1% risk of failure)
Confirm with . or Enter, or press ? or * to list all spells.
The fire begins to smoulder!
The slime creature is engulfed in blazing flames.
The slime creature smothers the flame.
You hit the slime creature.
The slime creature flickers and vanishes!
Deactivating autopickup; reactivate with Ctrl-A.
Something hits you!
The slime creature is engulfed in blazing flames.
A slime creature merges with something you can't see.
Unknown command.
Casting: Conjure Flame (safe; 1% risk of failure)
Confirm with . or Enter, or press ? or * to list all spells.
A beastly little devil appears in a puff of frigid air.
You completely miss something. Something barely misses you.
Unknown command.
You swap places.
Something hits your white imp!!
Your white imp dies!
Your white imp disappears in a puff of smoke!
Unknown command.
Casting: Call Imp (safe; 6% risk of failure)
Confirm with . or Enter, or press ? or * to list all spells.
The fire begins to smoulder!
The bloodstain on the floor disappears!
Something hits you!!
Ouch! That really hurt!
* * * LOW HITPOINT WARNING * * *
The bloodstain on the floor disappears!
Something smothers the flame.
Something hits you but does no damage. Something hits you!
* * * LOW HITPOINT WARNING * * *
Casting: Conjure Flame (safe; 1% risk of failure)
Confirm with . or Enter, or press ? or * to list all spells.
You blink.
Something hits you but does no damage.
You feel stable enough to blink again. Something hits you!
You die...

#...#...# ###.###
#.###.### #...# #...)...#
###.# ###....## #.#
##...###### #.#
##.........# #†#
≈≈≈≈.........# #####†###
≈##≈.........#####.......#
#≈........@'...'.......#
#≈≈......[..#####.......#
#≈≈.........# #.......#
#≈≈.........# #.......#
##≈.........# #.......#
#≈.........# #.......+
≈.......>.# #.......#
.........# #########
#####+###


There were no monsters in sight!

Vanquished Creatures
  Pikel (D:4)
  A vampire (D:7)
  A wyvern (D:8)
  A basilisk (D:9)
  A sky beast (D:7)
  2 ice beasts
  2 orc warriors
  3 ogres
  2 phantoms (D:6)
  3 centaurs
  4 lemures (D:4)
  3 scorpions
  A bullfrog (D:7)
  3 wights (D:7)
  5 killer bees (D:9)
  A howler monkey (D:5)
  A gnoll shaman (D:8)
  4 jellies
  5 orc priests
  3 hounds
  8 iguanas
  Crazy Yiuf (D:2)
  6 orc wizards
  8 adders
  3 gnolls (D:8)
  A shadow imp (D:6)
  A white imp (D:7)
  An ufetubus (D:6)
  2 worms (D:3)
  4 dart slugs
  31 orcs
  6 endoplasms
  3 giant cockroaches
  7 goblins
  6 hobgoblins
  4 jackals (D:2)
  4 kobolds
  2 quokkas
  6 ball pythons
  3 bats (D:2)
  2 frilled lizards
  5 rats
161 creatures vanquished.

Vanquished Creatures (others)
  A fungus (D:8)
  3 plants (D:8)
4 creatures vanquished.

Grand Total: 165 creatures vanquished

Notes
Turn   | Place    | Note
-------+----------+-------------------------------------------
     0 | D:1      | pokeman the Deep Elf Hedge Wizard began the quest for the
                  | Orb.
     0 | D:1      | Reached XP level 1. HP: 10/10 MP: 7/7
   258 | D:1      | Reached XP level 2. HP: 16/16 MP: 4/9
   819 | D:2      | Reached skill level 5 in Spellcasting
   850 | D:2      | Found Zodeu's Antique Weapon Boutique.
   962 | D:2      | Reached XP level 3. HP: 11/20 MP: 4/11
  1239 | D:2      | Learned a level 3 spell: Mephitic Cloud
  1242 | D:2      | Learned a level 2 spell: Call Imp
  1245 | D:2      | Learned a level 2 spell: Blink
  1249 | D:2      | Learned a level 3 spell: Conjure Flame
  1442 | D:2      | Reached skill level 1 in Armour
  1506 | D:2      | Reached skill level 1 in Fighting
  2074 | D:2      | Reached XP level 4. HP: 25/25 MP: 10/13
  2238 | D:2      | Found a runed translucent door.
  2239 | D:2      | Noticed Crazy Yiuf
  2308 | D:2      | Killed Crazy Yiuf
  2455 | D:3      | Found an iron altar of Okawaru.
  3361 | D:4      | Reached skill level 1 in Fire Magic
  3366 | D:4      | Reached skill level 6 in Spellcasting
  3366 | D:4      | Reached XP level 5. HP: 28/29 MP: 6/15
  3942 | D:4      | Noticed a lemure
  3942 | D:4      | Noticed a lemure
  3942 | D:4      | Noticed a lemure
  3943 | D:4      | Noticed Pikel
  3944 | D:4      | Noticed a lemure
  3949 | D:4      | Killed a lemure
  3952 | D:4      | Killed a lemure
  3956 | D:4      | Killed a lemure
  3957 | D:4      | Killed a lemure
  3961 | D:4      | Killed Pikel
  3962 | D:4      | Reached skill level 8 in Spellcasting
  3962 | D:4      | Reached XP level 6. HP: 33/34 MP: 6/19
  3962 | D:4      | Reached XP level 7. HP: 37/38 MP: 6/20
  4232 | D:4      | Found a stormy altar of Qazlal.
  4232 | D:4      | Found a broken altar of Ashenzari.
  4402 | D:5      | Entered Level 5 of the Dungeon
  4639 | D:5      | Reached skill level 1 in Evocations
  4641 | D:5      | Reached skill level 1 in Poison Magic
  4658 | D:5      | Found a staircase to the Ecumenical Temple.
  4673 | Temple   | Entered the Ecumenical Temple
  4793 | Temple   | Became a worshipper of Vehumet
  4838 | D:5      | Reached XP level 8. HP: 43/43 MP: 16/22
  4944 | D:5      | Reached skill level 9 in Spellcasting
  5413 | D:6      | Reached skill level 5 in Conjurations
  5679 | D:6      | Reached skill level 10 in Spellcasting
  6616 | D:7      | Reached XP level 9. HP: 48/48 MP: 10/25
  6717 | D:7      | Reached * piety under Vehumet
  6717 | D:7      | Offered knowledge of Shock by Vehumet.
  6720 | D:7      | Learned a level 1 spell: Shock
  6953 | D:7      | Reached skill level 11 in Spellcasting
  7568 | D:8      | Found a staircase to the Lair.
  8017 | D:8      | You fall into a shaft and drop 1 floor!
  8080 | D:9      | Offered knowledge of Static Discharge by Vehumet.
  8084 | D:9      | Reached ** piety under Vehumet
  8128 | D:9      | Reached skill level 12 in Spellcasting
  8188 | D:9      | Found a staircase to the Orcish Mines.
  8281 | D:9      | Reached skill level 5 in Fire Magic
  8470 | D:9      | Slain by a large slime creature

Illustrated notes

Levels and vault maps discovered:
D:1:      matt_arrival_grand_opening, layout_rooms
D:2:      layout_loops_cross, serial_shops, nicolae_shop_statue_plus,
          uniq_crazy_yiuf_cottage
D:3:      layout_basic, okawaru_gym_becter
D:4:      layout_loops_corners, gammafunk_temple_overflow_pools,
          nicolae_elevator_lobby_plus, uniq_pikel
D:5:      layout_cave_pools, minmay_temple_entry_junction, serial_rivers,
          chequers_serial_rivers_large_a, chequers_serial_rivers_small_b,
          chequers_serial_rivers_micro_d, chequers_serial_rivers_micro_c,
          chequers_serial_rivers_micro_e
D:6:      layout_cave_pods
D:7:      layout_loops_cross, wad_floor_pattern_1, kennysheep_generic_room_9
D:8:      layout_basic, dpeg_oklobed_lair, serial_shops,
          nicolae_shop_window_shopping, minmay_misc_feat_secret_circle,
          uniq_gastronok
D:9:      layout_roguey, orc_0_dummy, lightli_minifort
Temple:   mainiacjoe_temple_bowtie_tessellation

Skill      XL: |  1  2  3  4  5  6  7  8  9 |
---------------+----------------------------+-----
Spellcasting   | 5 6 8 10 12 | 12.4
Armour         | 1 2 3 |  3.0
Fighting       | 1 2 3 |  3.1
Conjurations   | 2 3 4 5 6 |  6.9
Fire Magic     | 1 3 5 |  5.2
Dodging        | 3 |  3.0
Stealth        | 4 |  4.3
Air Magic      | 2 3 |  3.1
Evocations     | 1 |  1.0
Poison Magic   | 1 |  1.0
Summonings     | |  1.1
Translocations | |  1.1

Action                   |  1- 3 |  4- 6 |  7- 9 || total
-------------------------+-------+-------+-------++-------
Melee: Dagger            |    22 |       |       ||    22
       Punch             |     1 |       |       ||     1
       Quarterstaff      |       |    15 |    69 ||    84
 Cast: Magic Dart        |   105 |    48 |   150 ||   303
       Mephitic Cloud    |       |     6 |    28 ||    34
       Call Imp          |       |     3 |     1 ||     4
       Conjure Flame     |       |     3 |    19 ||    22
       Blink             |       |       |     3 ||     3
       Shock             |       |       |   105 ||   105
 Stab: Confused          |       |     2 |    10 ||    12
       Sleeping          |       |     1 |       ||     1
       Paralysed         |       |       |     2 ||     2
Armor: Robe              |     9 |       |       ||     9
       Leather armour    |       |     2 |    36 ||    38
Dodge: Dodged            |    21 |     8 |    57 ||    86

Table legend: (Time is in decaauts)
 A = Elapsed time spent in this place.
 B = Non-inter-level travel time spent in this place.
 C = Inter-level travel time spent in this place.
 D = Time resting spent in this place.
 E = Time spent auto-exploring this place.
 F = Levels seen in this place.
 G = Mean time per level.
                   A        B        C        D        E       F      G
               +--------+--------+--------+--------+--------+-----+--------+
         Total |   8509 |   8303 |    206 |    103 |   6976 |  10 |  850.9 |
       Dungeon |   8379 |   8181 |    198 |    103 |   6862 |   9 |  931.0 |
        Temple |    129 |    121 |      8 |      0 |    114 |   1 |  129.0 |
               +--------+--------+--------+--------+--------+-----+--------+

Top non-repeatable levels by time:
     D:2: 1635 daAuts
     D:7: 1170 daAuts
     D:6: 1115 daAuts
     D:4: 1079 daAuts
     D:3: 874 daAuts
     D:1: 816 daAuts
     D:5: 748 daAuts
     D:8: 483 daAuts
     D:9: 456 daAuts
  Temple: 129 daAuts
